 Dungeon Crawl Stone Soup version 0.31-a0-182-gc5ef74bbde (webtiles) character file.

Game seed: 7005822289199349363

105 qw the Chopper (level 4, 0/28 HPs)
             Began as a Gargoyle Fighter on June 20, 2023.
             Slain by an orc priest
             ... wielding a +2 short sword of protection
              (4 damage)
             ... on level 3 of the Dungeon.
             The game lasted 00:00:38 (1581 turns).

qw the Chopper (Gargoyle Fighter)                   Turns: 1581, Time: 00:00:39

Health: 0/28       AC: 10    Str: 22    XL:     4   Next: 81%
Magic:  4/4        EV: 10    Int:  8    God:
Gold:   78         SH:  4    Dex: 13    Spells: 3/3 levels left

rFire   . . .        Y - +1 war axe
rCold   . . .        c - +0 buckler
rNeg    + . .        b - +0 scale mail
rPois   inf          (no helmet)
rElec   +            (no cloak)
rCorr   .            (no gloves)
SInv    .            (no boots)
Will    .....        e - amulet of Zin's Anger {Acrobat Will+ Dex+4} Stlth
                     (no ring)
HPRegen 0.24/turn    (no ring)
MPRegen 0.09/turn

%: acrobat
@: about to teleport, weak-willed
A: sickness immunity, AC +3, negative energy resistance 1, electricity
resistance, torment resistance 1, petrification resistance
a: no special abilities


You were on level 3 of the Dungeon.
You visited 1 branch of the dungeon, and saw 3 of its levels.

You collected 78 gold pieces.


Innate Abilities, Weirdness & Mutations

You are immune to sickness and miasma.
Your stone body is resilient. (AC +3)
You are immune to poison.
You resist negative energy. (rN+)
You are resistant to electric shocks. (rElec)
You are resistant to unholy torment.
You are immune to petrification.


   Skills:
 - Level 3.2 Fighting
 + Level 4.1 Axes
 - Level 3.2 Armour
 - Level 1.1 Dodging
 - Level 3.2 Shields


You had 3 spell levels left.
You didn't know any spells.
Your spell library was empty.

Inventory:

Hand Weapons
 Y - a +1 war axe (weapon)
Armour
 b - a +0 scale mail (worn)
 c - a +0 buckler (worn)
Jewellery
 e - the amulet of Zin's Anger (around neck) {Acrobat Will+ Dex+4}
   (You found it on level 2 of the Dungeon)

   [amulet of the acrobat]

   It increases your evasion while moving and waiting.
   Dex:       It affects your dexterity (+4).
   Will:      It increases your willpower.
Scrolls
 f - a scroll of identify
Potions
 d - a potion of might
 g - a potion of attraction {unknown}
 k - a potion of heal wounds {unknown}

Dungeon Overview and Level Annotations

Branches:
Dungeon (3/15)

Altars:

Shops:
D:2 [


Message History

The orc priest closely misses you. The orc barely misses you.
You block the orc wizard's attack.
You barely miss the orc priest.
The orc priest is moderately wounded.
You barely miss the orc wizard. The orc priest barely misses you.
The orc wizard hits you but does no damage.
The orc hits you but does no damage.
The orc hits you from afar with a +0 trident.
The orc priest barely misses you.
The orc wizard gestures at you while chanting.
The puff of flame hits you.
You closely miss the orc priest.
The orc priest is moderately wounded.
You miss the orc wizard. The orc priest barely misses you.
The orc wizard hits you but does no damage.
You block the orc's attack.
You closely miss the orc priest.
The orc priest is moderately wounded.
You hit the orc wizard. You block the orc priest's attack.
The orc hits you but does no damage.
The orc wizard hits you but does no damage.
You slash the orc wizard!
You kill the orc wizard!
You hit the orc priest but do no damage.
You block the orc's attack.
The orc priest hits you but does no damage.
Your Dodging skill increases to level 1!
You completely miss the orc priest.
The orc priest is moderately wounded.
The orc priest invokes the aid of Beogh against you.
Beogh smites you! You block the orc's attack.
The orc priest miscasts a cantrip.
You block the orc's attack.
1581 ||| READING scroll of teleportation.
As you read the scroll of teleportation, it crumbles to dust.
You feel strangely unstable.
The orc priest hits you with a +2 short sword of protection.
You die...

....##
.... ...>
##...
...#
######o.#
......))#
#o@# #.<#
#.## ...
##.. #..
#.. #..
#..


You could see an orc priest and an orc.

Vanquished Creatures
  An orc priest (D:3)
  An orc wizard (D:3)
  3 adders (D:2)
  A dart slug (D:1)
  An orc (D:3)
  3 endoplasms
  2 giant cockroaches (D:1)
  A hobgoblin (D:2)
  A quokka (D:1)
  2 ball pythons
  4 bats (D:1)
  3 frilled lizards
  3 rats (D:1)
26 creatures vanquished.

Notes
Turn   | Place    | Note
-------+----------+-------------------------------------------
     0 | D:1      | qw the Gargoyle Fighter began the quest for the Orb.
     0 | D:1      | Reached XP level 1. HP: 14/14 MP: 1/1
     0 | D:1      | 0 ||| qw: Version: 0.3-a-9-g12657ce
     0 | D:1      | 0 ||| qw: Game counter: 1457
     0 | D:1      | 0 ||| qw: Always use a shield: true
     0 | D:1      | 0 ||| qw: God list: Okawaru
     0 | D:1      | 0 ||| qw: Allow faded altars: false
     0 | D:1      | 0 ||| qw: Do Orc after D:15 true
     0 | D:1      | 0 ||| qw: Do second Lair branch before Depths: true
     0 | D:1      | 0 ||| qw: Lair rune preference: random
     0 | D:1      | 0 ||| qw: Plans: Normal, Zot:1-4, Slime:5, God:TSO, Crypt,
                  | Tomb, Abyss, Pan, Hells, Win
     0 | D:1      | 0 ||| PLANNING D:1-11
   108 | D:1      | 108 ||| Stepping ~*~*~tactically~*~*~ (hiding).
   117 | D:1      | Reached skill level 2 in Axes
   441 | D:1      | Reached XP level 2. HP: 19/19 MP: 2/2
   905 | D:1      | 905 ||| DROPPING scarf of harm.
   907 | D:1      | 907 ||| READING scroll labelled HOPROY DEANE.
   908 | D:1      | 908 ||| READING 2 scrolls labelled PUOCWE GOUXUATEICS.
   909 | D:1      | 909 ||| READING scroll labelled CIAHUCZ CUENT.
   914 | D:1      | 914 ||| READING scroll labelled BYIBBE FAGOEXE.
   915 | D:1      | 915 ||| READING scroll labelled LISONT APALUST.
   916 | D:1      | 916 ||| READING scroll labelled VUCEMP ECEZUGG.
   976 | D:2      | Reached skill level 3 in Axes
   976 | D:2      | Reached XP level 3. HP: 13/23 MP: 3/3
  1169 | D:2      | Identified the amulet of Zin's Anger {Acrobat Will+ Dex+4}
  1421 | D:2      | Found Goloq's Antique Armour Shoppe.
  1424 | D:2      | 1424 ||| SHOPLISTING buzzing ring mail (216 gold, have 78).
  1424 | D:2      | 1424 ||| SHOPLISTING chain mail (108 gold, have 78).
  1424 | D:2      | 1424 ||| SHOPLISTING runed leather armour (120 gold, have
                  | 78).
  1551 | D:2      | 1551 ||| UPGRADING to amulet of Zin's Anger {Acrobat Will+
                  | Dex+4}.
  1556 | D:2      | 1556 ||| READING scroll labelled SET UPTUDULI.
  1557 | D:2      | 1557 ||| READING scroll labelled DAOX MUQAMA.
  1558 | D:2      | 1558 ||| READING scroll labelled VESMARUEKI.
  1559 | D:2      | 1559 ||| READING scroll labelled EZOREC HUYCU.
  1573 | D:3      | Reached skill level 4 in Axes
  1573 | D:3      | Reached XP level 4. HP: 28/28 MP: 4/4
  1580 | D:3      | Reached skill level 1 in Dodging
  1580 | D:3      | HP: 4/28 [orc priest/divine providence (11)]
  1581 | D:3      | 1581 ||| READING scroll of teleportation.
  1581 | D:3      | Slain by an orc priest

Levels and vault maps discovered:
D:1:      dpeg_arrival_shrine, layout_loops_cross, minmay_misc_feat_x,
          kennysheep_another_room
D:2:      layout_basic, serial_shops, nicolae_shop_window_shopping
D:3:      layout_basic, mainiacjoe_overflow_small_starburst,
          minmay_crystal_room, st_stairs_1, minmay_misc_feat_hallway

Skill      XL: |  1  2  3  4 |
---------------+-------------+-----
Axes           | 2 3 4 |  4.1
Dodging        | 1 |  1.1
Fighting       | |  3.2
Armour         | |  3.2
Shields        | |  3.2

Action                     |  1- 3 |  4- 6 || total
---------------------------+-------+-------++-------
  Melee: War axe           |    83 |     8 ||    91
    Use: Scroll            |    10 |     1 ||    11
 Armour: Scale mail        |    48 |     9 ||    57
  Dodge: Dodged            |    34 |     9 ||    43
  Block: Buckler           |    18 |     8 ||    26

Table legend:
 A = Non-vault XP
 B = Vault XP
 C = Vault XP percentage of total XP
 D = Non-vault monster count
 E = Vault monster count
 F = Vault count percentage of total count
                 A         B        C        D         E       F
            +---------+---------+-------+---------+---------+-------
      Total |     150 |       0 |   0.0 |      26 |       0 |   0.0
            +---------+---------+-------+---------+---------+-------
        D:1 |      25 |       0 |   0.0 |      16 |       0 |   0.0
        D:2 |      48 |       0 |   0.0 |       7 |       0 |   0.0
        D:3 |      77 |       0 |   0.0 |       3 |       0 |   0.0
            +---------+---------+-------+---------+---------+-------
